 Dungeon Crawl Stone Soup version 0.27-a0-291-gd9602db6ee (webtiles) character file.

Game seed: 5758608010086655924

11699 Fenrir042 the Cleaver (level 11, -10/102 HPs)
             Began as a Minotaur Berserker on Feb 9, 2021.
             Was an Elder of Trog.
             Killed from afar by an ice statue (21 damage)
             ... with a shard of ice
             ... in an ice cave.
             The game lasted 00:23:26 (10935 turns).

Fenrir042 the Cleaver (Minotaur Berserker)         Turns: 10935, Time: 00:23:27

Health: -10/102    AC: 21    Str: 25    XL:     11   Next: 52%
Magic:  10/10      EV:  8    Int:  4    God:    Trog [****..]
Gold:   693        SH: 18    Dex: 16    Spells: 10/10 levels left

rFire    . . .     SeeInvis .   y - +0 war axe (drain)
rCold    + . .     Faith    .   M - +0 tower shield
rNeg     . . .     Spirit   .   L - +0 plate armour
rPois    .         Reflect  .   (helmet restricted)
rElec    .         Harm     .   g - +0 cloak
rCorr    .         Rampage  .   m - +2 pair of gloves
Will     ++...                  D - +0 pair of boots
Stlth    ..........             F - amulet of magic regeneration
HPRegen  1.27/turn              B - ring of protection from cold
MPRegen  0.37/turn              N - +6 ring of dexterity

@: berserk cooldown, regenerating, slowed, very slow
A: retaliatory headbutt, horns 2
a: Renounce Religion, Berserk, Trog's Hand, Brothers in Arms


You were in an ice cave.
You worshipped Trog.
Trog was greatly pleased with you.
You visited 1 branch of the dungeon, and saw 11 of its levels.
You also visited: Ice Cave.

You collected 693 gold pieces.

Inventory:

Hand Weapons
 y - a +0 war axe of draining (weapon)
 O - a +1 war axe of flaming
Armour
 g - a +0 cloak (worn)
 m - a +2 pair of gloves (worn)
 z - +0 swamp dragon scales
 D - a +0 pair of boots (worn)
 L - a +0 plate armour (worn)
 M - a +0 tower shield (worn)
Jewellery
 o - an uncursed ring of wizardry {unknown}
 r - an uncursed ring of see invisible
 B - a ring of protection from cold (left hand)
 F - an amulet of magic regeneration (around neck)
 N - a +6 ring of dexterity (right hand)
Wands
 a - a wand of polymorph (12)
 b - a wand of digging (2)
 l - a wand of iceblast (6)
 n - a wand of mindburst (15)
 t - a wand of acid (25)
 C - a wand of random effects (40)
 E - a wand of flame (13)
 K - a wand of charming (3)
Scrolls
 d - 2 scrolls of enchant weapon {unknown}
 e - 6 scrolls of remove curse
 f - 3 scrolls of teleportation {unknown}
 h - 4 scrolls of magic mapping
 j - 2 scrolls of fear {unknown}
 k - 13 scrolls of identify
 q - 2 scrolls of amnesia {unknown}
 u - 3 scrolls of blinking {unknown}
 G - a scroll of immolation {unknown}
 H - a scroll of enchant armour {unknown}
 I - a scroll of random uselessness {unknown}
Potions
 c - 10 potions of curing {unknown}
 i - a potion of mutation {unknown}
 p - 6 potions of heal wounds {unknown}
 s - a potion of attraction {unknown}
 v - a potion of might
 w - 3 potions of flight {unknown}
 x - 4 potions of lignification {unknown}
 A - 2 potions of degeneration {unknown}
 J - 2 potions of haste {unknown}
 P - 2 potions of invisibility {unknown}


   Skills:
 + Level 11.2 Fighting
 + Level 11.2 Axes
 + Level 10.9 Armour
 - Level 6.0 Dodging
 + Level 10.2 Shields


You had 10 spell levels left.
You didn't know any spells.
Your spell library was empty.

Dungeon Overview and Level Annotations

Branches:
Dungeon (11/15)            Temple (0/1) D:4            Lair (0/6) D:9
    Orc (0/2) D:11          IceCv (1/1)

Altars:
Ashenzari
Cheibriados
Dithmenos
Elyvilon
Hepliaklqana
Kikubaaqudgha
Makhleb
Nemelex Xobeh
Okawaru
Sif Muna
Trog
Uskayaw
Vehumet
Wu Jian
Xom
Zin

Annotations:
D:6 1 runed translucent door IceCv 1 transporter, exclusion: ice statue


Innate Abilities, Weirdness & Mutations

You reflexively headbutt those who attack you in melee.
You have a pair of horns on your head.


Message History

You hit the ice beast. You closely miss the ice beast.
Your shield and plate armour prevent you from hitting the ice beast.
The ice beast barely misses you. You furiously retaliate!
You headbutt the ice beast!
The ice beast hits you but does no damage.
You block the ice beast's attack. x2
The ice beast hits you but does no damage.
You slash the ice statue!
You headbutt the ice statue, but do no damage.
The ice statue is heavily damaged.
You slash the ice beast! You closely miss the ice beast. x2
You block the ice beast's attack.
The ice beast hits you but does no damage. x2
The ice beast hits you.
* * * LOW HITPOINT WARNING * * *
The ice beast freezes you. You resist.
* * * LOW HITPOINT WARNING * * *
The ice statue gestures at you. The shard of ice hits you!!
You partially resist.
You die...

#######
##.....##
##...∩...##
##.........##
#.....©.....#
#...........#
##...........##
#.......YY....#
#.......@8....#
#......?Y.....#
##....?.(....##
#...8.|.8...#
##...[©$...##
###########


You could see an ice statue and 3 ice beasts.

Vanquished Creatures
  A two-headed ogre (D:8)
  A cyclops (D:11)
  3 ugly things
  An ice statue (IceCv)
  Maggie (D:6)
  A troll (D:10)
  2 hornets
  2 wyverns (D:9)
  6 yaks
  A water moccasin (D:7)
  7 sky beasts
  3 black bears
  9 ice beasts
  6 orc warriors
  5 ogres
  3 centaurs
  A phantom (D:7)
  A kobold brigand (D:11)
  7 bullfrogs
  7 scorpions
  19 killer bees
  3 jellies
  3 bullfrog zombies
  2 centaur skeletons
  2 quasits
  2 centaur zombies
  7 hounds
  8 orc priests
  A bullfrog skeleton (D:5)
  11 worker ants
  10 orc wizards
  A hound zombie (D:5)
  2 hound skeletons
  A howler monkey zombie (D:6)
  2 worker ant zombies
  A howler monkey skeleton (D:9)
  6 gnolls
  11 adders
  2 white imps (D:10)
  3 ufetubi
  2 adder skeletons
  7 worms
  A dart slug (D:5)
  3 leopard geckos
  48 orcs
  2 ball pythons
  7 bats
  6 giant cockroaches
  7 goblins
  10 hobgoblins
  9 jackals
  10 kobolds
  4 quokkas
  8 frilled lizards
  A jackal zombie (D:8)
  2 leopard gecko skeletons
  4 rats
296 creatures vanquished.

Vanquished Creatures (collateral kills)
  An elephant (D:9)
  A basilisk (D:9)
2 creatures vanquished.

Vanquished Creatures (others)
  An orc wizard (D:11)
1 creature vanquished.

Grand Total: 299 creatures vanquished

Notes
Turn   | Place    | Note
-------+----------+-------------------------------------------
     0 | D:1      | Fenrir042 the Minotaur Berserker began the quest for the
                  | Orb.
     0 | D:1      | Reached XP level 1. HP: 19/19 MP: 0/0
   204 | D:1      | Reached XP level 2. HP: 26/27 MP: 1/1
   814 | D:2      | Reached XP level 3. HP: 28/33 MP: 2/2
   912 | D:2      | Noticed an ogre
   921 | D:2      | Killed an ogre
   922 | D:2      | Reached XP level 4. HP: 41/41 MP: 3/3
   931 | D:2      | Reached ** piety under Trog
  1476 | D:2      | Noticed an ice beast
  1485 | D:2      | Killed an ice beast
  1486 | D:2      | Reached skill level 5 in Fighting
  1486 | D:2      | Reached skill level 5 in Axes
  1486 | D:2      | Reached skill level 1 in Shields
  1486 | D:2      | Reached XP level 5. HP: 48/48 MP: 4/4
  1946 | D:3      | Reached XP level 6. HP: 23/56 MP: 5/5
  2519 | D:3      | Found an iron altar of Okawaru.
  2903 | D:4      | Reached skill level 5 in Armour
  2938 | D:4      | Reached XP level 7. HP: 24/63 MP: 6/6
  3190 | D:4      | Reached *** piety under Trog
  3444 | D:4      | Found a broken altar of Ashenzari.
  3445 | D:4      | Found a hazy altar of Hepliaklqana.
  3445 | D:4      | Found a shimmering altar of Xom.
  3445 | D:4      | Found a shimmering blue altar of Sif Muna.
  3665 | D:4      | Found a staircase to the Ecumenical Temple.
  3767 | D:4      | Found a burning altar of Makhleb.
  3797 | D:5      | Entered Level 5 of the Dungeon
  3908 | D:5      | Reached XP level 8. HP: 65/71 MP: 7/7
  4050 | D:5      | Found a sparkling altar of Nemelex Xobeh.
  4777 | D:5      | Reached skill level 5 in Shields
  4939 | D:6      | Found a white marble altar of Elyvilon.
  4941 | D:6      | Found a runed translucent door.
  4941 | D:6      | Noticed an angel
  5126 | D:6      | Reached **** piety under Trog
  5137 | D:6      | Noticed Maggie
  5154 | D:6      | Killed Maggie
  5247 | D:6      | Reached XP level 9. HP: 81/81 MP: 8/8
  5777 | D:7      | Found a bloodstained altar of Trog.
  5794 | D:7      | Found a shadowy altar of Dithmenos.
  5829 | D:7      | Found an ancient bone altar of Kikubaaqudgha.
  5887 | D:7      | Found a hide-covered altar of Uskayaw.
  6388 | D:7      | Found an ornate altar of the Wu Jian Council.
  6619 | D:8      | Reached skill level 5 in Dodging
  6851 | D:8      | Noticed a two-headed ogre
  6861 | D:8      | Killed a two-headed ogre
  7181 | D:8      | Reached XP level 10. HP: 77/91 MP: 9/9
  7804 | D:8      | Found a radiant altar of Vehumet.
  7943 | D:9      | Reached ***** piety under Trog
  7983 | D:9      | Found a staircase to the Lair.
  7983 | D:9      | Noticed an elephant
  8006 | D:9      | Killed an elephant
  8828 | D:9      | Found a snail-covered altar of Cheibriados.
  9258 | D:9      | Found a glowing silver altar of Zin.
  9569 | D:10     | Entered Level 10 of the Dungeon
  9580 | D:10     | Paralysed by a hornet for 1 turns
  9585 | D:10     | Reached skill level 10 in Fighting
  9585 | D:10     | Reached skill level 10 in Axes
  9769 | D:10     | Received a gift from Trog
 10075 | D:10     | Reached skill level 10 in Armour
 10319 | D:11     | Reached XP level 11. HP: 101/101 MP: 10/10
 10402 | D:11     | Found a frozen archway.
 10436 | D:11     | Found a staircase to the Orcish Mines.
 10494 | D:11     | Paralysed by a hornet for 1 turns
 10523 | D:11     | Noticed a purple ugly thing
 10536 | D:11     | Killed a purple ugly thing
 10848 | IceCv    | Entered an ice cave
 10848 | IceCv    | Noticed a white ugly thing
 10858 | IceCv    | Reached skill level 10 in Shields
 10860 | IceCv    | Killed a white ugly thing
 10889 | IceCv    | Found a transporter.
 10909 | IceCv    | Noticed a white ugly thing
 10910 | IceCv    | Found a transporter.
 10918 | IceCv    | Killed a white ugly thing
 10935 | IceCv    | Killed from afar by an ice statue

Illustrated notes

Levels and vault maps discovered:
D:1:      sevenhm_arrival_forest_fort_small_3, layout_rooms, hex_large
D:2:      layout_loops_cross, kennysheep_cross_room
D:3:      layout_basic, okawaru_altar_gauntlet_db
D:4:      layout_rooms, chequers_temple_overflow_statue_of_worship,
          nicolae_overflow_hidden_temple, minmay_temple_entry_fiery,
          cheibrodos_gnoll_hut
D:5:      layout_basic, small_statue_intersection, minmay_ruined_shrine
D:6:      layout_basic, lemuel_angel_altar, uniq_maggie
D:7:      layout_rooms, general_overflow_altar,
          nicolae_overflow_quartered_altars, kennysheep_generic_room_7
D:8:      layout_basic, vehumet_crystals
D:9:      layout_layer_cave, lemuel_doored_altar, kennysheep_mini,
          david_lair_generic
D:10:     layout_big_octagon
D:11:     layout_cave_pools, orc_0_dummy, portal_ice_cave_entry_pillars_1,
          grunt_ministairs_9
IceCv:    ice_cave_statue_garden_transporter

Skill      XL: |  1  2  3  4  5  6  7  8  9 10 11 |
---------------+----------------------------------+-----
Fighting       | 4 5 6 7 9 10 11 | 11.2
Axes           | 4 5 6 7 9 10 11 | 11.2
Armour         | 3 4 5 6 7 8 10 | 10.9
Shields        | 1 3 4 5 7 9 10 | 10.2
Dodging        | 4 5 6 |  6.0

Action                   |  1- 3 |  4- 6 |  7- 9 | 10-12 || total
-------------------------+-------+-------+-------+-------++-------
Melee: Hand axe          |    63 |   159 |     3 |       ||   225
       Headbutt          |     4 |    26 |    46 |    68 ||   144
       War axe           |       |       |   267 |   285 ||   552
Invok: Trog's Hand       |       |     1 |     3 |     6 ||    10
       Berserk           |       |     1 |     3 |     5 ||     9
       Brothers in Arms  |       |       |       |     2 ||     2
  Use: Scroll            |       |     1 |     3 |     1 ||     5
 Stab: Sleeping          |     1 |       |       |       ||     1
Armor: Animal skin       |    13 |    17 |       |       ||    30
       Chain mail        |       |    76 |   166 |     1 ||   243
       Plate armour      |       |       |       |   145 ||   145
Dodge: Dodged            |    44 |    61 |   133 |    75 ||   313
Block: Buckler           |       |    18 |    83 |     8 ||   109
       Tower shield      |       |       |       |   281 ||   281

Table legend: (Time is in decaauts)
 A = Elapsed time spent in this place.
 B = Non-inter-level travel time spent in this place.
 C = Inter-level travel time spent in this place.
 D = Time resting spent in this place.
 E = Time spent auto-exploring this place.
 F = Levels seen in this place.
 G = Mean time per level.
                   A        B        C        D        E       F      G
               +--------+--------+--------+--------+--------+-----+--------+
         Total |  11135 |  10725 |    410 |    306 |   8784 |  12 |  927.9 |
       Dungeon |  11039 |  10629 |    410 |    268 |   8777 |  11 | 1003.5 |
      Ice Cave |     95 |     95 |      0 |     37 |      7 |   1 |   95.0 |
               +--------+--------+--------+--------+--------+-----+--------+

Top non-repeatable levels by time:
     D:9: 1722 daAuts
     D:8: 1305 daAuts
     D:2: 1291 daAuts
     D:5: 1131 daAuts
     D:4: 1079 daAuts
     D:3: 855 daAuts
     D:7: 855 daAuts
     D:6: 848 daAuts
    D:10: 740 daAuts
     D:1: 607 daAuts
    D:11: 601 daAuts
   IceCv: 95 daAuts
